 Dungeon Crawl Stone Soup version 0.31-a0-1009-g454b1f1e0a (webtiles) character file.

Game seed: 7708546922650109904

333 ChronoRanger the Poker (level 6, 0/55 HPs)
             Began as a Minotaur Fighter on Nov 16, 2023.
             Slain by a kobold
             ... wielding a +0 short sword
              (1 damage)
             ... on level 3 of the Dungeon.
             The game lasted 00:04:52 (2147 turns).

ChronoRanger the Poker (Minotaur Fighter)           Turns: 2147, Time: 00:04:53

Health: 0/55       AC:  7    Str: 22    XL:     6   Next: 27%
Magic:  5/5        EV:  9    Int:  5    God:
Gold:   123        SH:  5    Dex: 10    Spells: 5/5 levels left

rFire   . . .        a - +0 trident
rCold   . . .        c - +0 buckler
rNeg    . . .        b - +0 scale mail
rPois   .            (helmet restricted)
rElec   .            (no cloak)
rCorr   .            (no gloves)
SInv    .            (no boots)
Will    .....        (no amulet) Stlth
                     (no ring)
HPRegen 0.29/turn    (no ring)
MPRegen 0.09/turn

%: no passive effects
@: no status effects
A: horns 2, retaliatory headbutt
a: no special abilities


You were on level 3 of the Dungeon.
You visited 1 branch of the dungeon, and saw 3 of its levels.

You collected 123 gold pieces.

Inventory:

Hand Weapons
 a - a +0 trident (weapon)
Armour
 b - a +0 scale mail (worn)
 c - a +0 buckler (worn)
Wands
 k - a wand of quicksilver (5)
Scrolls
 d - a scroll of identify
 e - a scroll of vulnerability
 f - a scroll of torment
 j - a scroll of enchant weapon {unknown}
 m - a scroll of silence {unknown}
 o - a scroll of blinking {unknown}
Potions
 g - a potion of resistance
 h - 2 potions of magic
 l - a potion of brilliance
 p - a potion of enlightenment {unknown}


   Skills:
 + Level 4.9 Fighting
 * Level 5.4 Polearms
 + Level 4.9 Armour
 + Level 5.0 Shields


You had 5 spell levels left.
You didn't know any spells.
Your spell library contained the following spells:

 Spells                   Type           Power      Damage    Failure   Level
 Magic Dart               Conj           0%         1d3       85%         1
 Searing Ray              Conj           0%         2d4       94%         2
 Fulminant Prism          Conj/Hex       0%         3d5       100%        4


Dungeon Overview and Level Annotations

Branches:
Dungeon (3/15)

Altars:

Shops:
D:1 (


Innate Abilities, Weirdness & Mutations

You have a pair of horns on your head.
You reflexively headbutt those who attack you in melee.


Message History

A kobold comes into view. It is wielding a +0 dagger.
You closely miss the gnoll.
The kobold shouts!
Your headbutt misses the gnoll. You block the gnoll's attack.
The gnoll hits you with a +0 club.
You hit the gnoll. Your headbutt misses the gnoll.
The gnoll is lightly wounded.
The gnoll misses you. The gnoll hits you but does no damage.
You hit the gnoll.
The gnoll is moderately wounded.
The gnoll hits you from afar with a +0 halberd!
* * * LOW HITPOINT WARNING * * *
The gnoll hits you but does no damage.
You hit the gnoll. You headbutt the gnoll.
You kill the gnoll!
The gnoll barely misses you.
The kobold throws a stone.
The stone hits you but does no damage.
The gnoll hits you from afar with a +0 halberd.
* * * LOW HITPOINT WARNING * * *
You closely miss the kobold. Your headbutt misses the kobold.
The gnoll throws a stone.
You block the stone.
You hit the kobold but do no damage. You block the kobold's attack.
The gnoll hits you from afar with a +0 halberd!
* * * LOW HITPOINT WARNING * * *
You barely miss the kobold. You block the kobold's attack. x2
The gnoll hits you from afar with a +0 halberd.
* * * LOW HITPOINT WARNING * * *
You feel better. The kobold barely misses you. x2
The gnoll hits you from afar with a +0 halberd.
* * * LOW HITPOINT WARNING * * *
You barely miss the kobold.
The kobold hits you with a +0 short sword.
* * * LOW HITPOINT WARNING * * *
The kobold hits you but does no damage.
The gnoll hits you from afar with a +0 halberd!
* * * LOW HITPOINT WARNING * * *
The air fills with toxic fumes!
As you read the scroll of poison, it crumbles to dust.
The kobold hits you with a +0 short sword.
You die...

.......................).........
.............|.........).........
~~~~~~~..~~~~.~~~~.~~..)......~~~
~≈~~≈≈~~~~~~~~≈~~~≈~~~~).....~~~≈
~≈≈≈≈≈≈≈≈≈≈≈≈≈≈≈≈≈≈≈≈≈≈~.)..~~≈≈≈
#~≈≈≈≈≈≈≈≈≈≈≈≈≈≈≈≈≈≈≈≈~......~≈≈≈
#########################''######
#........§§§§§g#K§§§§§§#.)..#
#....))..§§§§§§K@§§§§§§#....#
#....)...§§§§§§#########....##
....########§§........#......# ..
#§.........'......+
########..........#......#
...........#########....##
...........').)....#....#
...........#.......#....#
#########################


You could see a gnoll and 2 kobolds.

Vanquished Creatures
  Grinder (D:3)
  Robin (D:3)
  2 gnolls (D:3)
  An adder (D:2)
  A worm (D:2)
  3 orcs (D:3)
  6 ball pythons
  2 endoplasms
  3 giant cockroaches
  32 goblins
  13 hobgoblins
  A quokka (D:3)
  6 bats
  5 frilled lizards
  10 kobolds
  8 rats
95 creatures vanquished.

Notes
Turn   | Place    | Note
-------+----------+-------------------------------------------
     0 | D:1      | ChronoRanger the Minotaur Fighter began the quest for the
                  | Orb.
     0 | D:1      | Reached XP level 1. HP: 19/19 MP: 0/0
   240 | D:1      | Reached XP level 2. HP: 27/27 MP: 1/1
   395 | D:1      | Found Bousaq's Weapon Shop.
   820 | D:1      | Reached XP level 3. HP: 33/33 MP: 2/2
  1529 | D:3      | Noticed Robin
  1540 | D:3      | Reached XP level 4. HP: 28/40 MP: 3/3
  1556 | D:3      | Killed Robin
  1822 | D:3      | Noticed Grinder
  1840 | D:3      | Paralysed by Grinder for 2 turns
  1861 | D:3      | Killed Grinder
  1862 | D:3      | Reached skill level 5 in Polearms
  1862 | D:3      | Reached XP level 5. HP: 9/47 MP: 4/4
  1862 | D:3      | Reached XP level 6. HP: 10/55 MP: 5/5
  2115 | D:3      | Reached skill level 5 in Shields
  2146 | D:3      | HP: 1/55 [gnoll/+0 halberd (8)]
  2147 | D:3      | Slain by a kobold

Illustrated notes

Levels and vault maps discovered:
D:1:      amcnicky_arrival_flooded_fountain, layout_loops_corners, serial_shops,
          nicolae_shop_crystal, minivault_19, grunt_decor_arrowhead,
          hangedman_decor_diamond_cutter
D:2:      layout_basic, st_stairs_14
D:3:      minmay_goblin_kobold_castle, layout_basic, st_stairs_14, uniq_grinder,
          uniq_ijyb, uniq_robin, uniq_jessica

Skill      XL: |  1  2  3  4  5  6 |
---------------+-------------------+-----
Polearms       | 3 5 |  5.4
Shields        | 4 5 |  5.0
Armour         | 4 |  4.9
Fighting       | 4 |  4.9

Action                     |  1- 3 |  4- 6 || total
---------------------------+-------+-------++-------
  Melee: Trident           |   121 |   100 ||   221
         Headbutt          |     9 |    11 ||    20
    Use: Scroll            |     8 |     1 ||     9
         Potion            |       |     4 ||     4
 Armour: Scale mail        |    36 |    77 ||   113
  Dodge: Dodged            |    33 |    53 ||    86
  Block: Buckler           |     9 |    26 ||    35

Table legend: (Time is in decaauts)
 A = Elapsed time spent in this place.
 B = Non-inter-level travel time spent in this place.
 C = Inter-level travel time spent in this place.
 D = Time resting spent in this place.
 E = Time spent auto-exploring this place.
 F = Levels seen in this place.
 G = Mean time per level.
                   A        B        C        D        E       F      G
               +--------+--------+--------+--------+--------+-----+--------+
         Total |   2176 |   2136 |     40 |     36 |   1573 |   3 |  725.3 |
       Dungeon |   2176 |   2136 |     40 |     36 |   1573 |   3 |  725.3 |
               +--------+--------+--------+--------+--------+-----+--------+

Top non-repeatable levels by time:
     D:1: 980 daAuts
     D:3: 656 daAuts
     D:2: 540 daAuts
